 Dungeon Crawl Stone Soup version 0.27-a0-1557-g57f10a385c (webtiles) character file.

Game seed: 10153090727210645374

198 pokeman the Magician (level 5, 0/29 HPs)
             Began as a Deep Elf Hedge Wizard on July 15, 2021.
             Killed from afar by an orc wizard (12 damage)
             ... with a puff of flame
             ... on level 4 of the Dungeon.
             The game lasted 00:05:20 (3707 turns).

pokeman the Magician (Deep Elf Hedge Wizard)        Turns: 3707, Time: 00:05:22

Health: 0/29       AC:  4    Str:  7    XL:     5   Next: 47%
Magic:  3/15       EV: 13    Int: 26    God:
Gold:   127        SH:  0    Dex: 14    Spells: 5/16 levels left

rFire    . . .     SeeInvis .   a - +1 dagger (elec)
rCold    . . .     Faith    .   (no shield)
rNeg     . . .     Spirit   .   b - +0 robe
rPois    .         Reflect  .   q - +0 helmet
rElec    .         Harm     .   p - +0 cloak
rCorr    .         Rampage  .   (no gloves)
Will     .....                  (no boots)
Stlth    ++........             (no amulet)
HPRegen  0.09/turn              h - +6 ring of intelligence
MPRegen  0.14/turn              (no ring)

@: no status effects
A: no striking features
a: no special abilities


You were on level 4 of the Dungeon.
You visited 1 branch of the dungeon, and saw 4 of its levels.

You collected 127 gold pieces.

Inventory:

Hand Weapons
 a - a +1 dagger of electrocution (weapon)
 o - a +2 quarterstaff of chaos
Missiles
 l - 30 arrows
Armour
 b - a +0 robe (worn)
 p - a +0 cloak (worn)
 q - a +0 helmet (worn)
Jewellery
 h - a +6 ring of intelligence (left hand)
Scrolls
 d - a scroll of fog {unknown}
 e - a scroll of blinking {unknown}
 f - a scroll of summoning {unknown}
 g - a scroll of brand weapon {unknown}
 i - 2 scrolls of identify {unknown}
 j - a scroll of holy word {unknown}
 k - a scroll of magic mapping {unknown}
 n - a scroll of enchant weapon {unknown}
Potions
 m - a potion of haste {unknown}


   Skills:
 - Level 1.0 Fighting
 - Level 1.0 Armour
 - Level 3.0 Dodging
 + Level 2.7 Stealth
 * Level 6.4 Spellcasting
 + Level 2.7 Conjurations
 - Level 1.1 Summonings
 - Level 1.1 Translocations
 - Level 1.0 Fire Magic
 + Level 0.9 Air Magic


You had 5 spell levels left.
You knew the following spells:

 Your Spells              Type           Power      Damage    Failure   Level
a - Magic Dart            Conj           88%        1d7       2%          1
b - Mephitic Cloud        Conj/Pois/Air  14%        N/A       12%         3
c - Call Imp              Summ           14%        N/A       6%          2
d - Blink                 Tloc           N/A        N/A       6%          2
e - Conjure Flame         Conj/Fire      18%        6-21      10%         3

Your spell library contained the following spells:

 Spells                   Type           Power      Damage    Failure   Level
 Shock                    Conj/Air       68%        1d7       3%          1
 Apportation              Tloc           28%        N/A       4%          1
 Summon Small Mammal      Summ           56%        N/A       4%          1
 Animate Skeleton         Necr           16%        N/A       7%          1
 Corona                   Hex            8%         N/A       7%          1
 Slow                     Hex            8%         N/A       10%         2
 Swiftness                Air            13%        N/A       14%         3
 Airstrike                Air            6%         N/A       41%         4


Dungeon Overview and Level Annotations

Branches:
Dungeon (4/15)
 Temple: D:4-7

Altars:
Fedhas
Zin

Shops:
D:1 [


Message History

Confirm with . or Enter, or press ? or * to list all spells.
Aiming: Magic Dart (safe; 2% risk of failure)
Press: ? - help, Shift-Dir - straight line, f - orc priest
Aim: an orc priest, wielding a +0 club (moderately wounded, confused, 100% to hit)
The magic dart hits the orc priest.
The orc priest is moderately wounded.
Unknown command.
Casting: Magic Dart (safe; 2% risk of failure)
Confirm with . or Enter, or press ? or * to list all spells.
Aiming: Magic Dart (safe; 2% risk of failure)
Press: ? - help, Shift-Dir - straight line, f - hobgoblin, p - orc priest
Aim: a hobgoblin (almost dead, confused, 100% to hit)
The magic dart hits the hobgoblin.
You kill the hobgoblin!
The orc priest hits the jelly with a +0 club.
The orc priest is burned by acid!
You hit the jelly.
Your hands burn!
The jelly is almost dead.
A nearby plant withers and dies.
The jelly closely misses you.
The orc priest hits the jelly with a +0 club.
The jelly is killed!
Unknown command.
Casting: Magic Dart (safe; 2% risk of failure)
Confirm with . or Enter, or press ? or * to list all spells.
Aiming: Magic Dart (safe; 2% risk of failure)
Press: ? - help, Shift-Dir - straight line, f - orc priest
Aim: an orc priest, wielding a +0 club (heavily wounded, confused, 100% to hit)
The magic dart hits the orc priest.
The orc priest is heavily wounded.
The orc priest hits something with a +0 club.
Casting: Magic Dart (safe; 2% risk of failure)
Confirm with . or Enter, or press ? or * to list all spells.
Aiming: Magic Dart (safe; 2% risk of failure)
Press: ? - help, Shift-Dir - straight line, f/p - orc priest
Aim: an orc priest, wielding a +0 club (heavily wounded, confused, 100% to hit)
The magic dart hits something.
You hear some strange, mumbled words.
A puff of flame appears from out of thin air!
The puff of flame hits you!
You die...

..≈≈≈PP
..≈P≈≈≈
.≈≈≈≈PP
..≈≈≈≈≈
..≈≈≈≈≈
.≈≈≈≈†≈
.≈≈≈≈≈{###
♣@.#
♣#.#######
#........#
#........###
#..........#
#...####.#.#
#.#
#≈≈≈≈≈≈###.#
#.# #...####
#.# #.#
#..#.# #.#
#.#


There were no monsters in sight!

Vanquished Creatures
  An orc priest (D:3)
  A jelly (D:4)
  Crazy Yiuf (D:2)
  2 orc wizards
  An adder (D:2)
  2 worms
  2 dart slugs (D:1)
  5 orcs
  9 ball pythons
  2 bats
  3 endoplasms
  3 giant cockroaches (D:2)
  4 goblins
  5 hobgoblins
  6 kobolds
  2 quokkas (D:1)
  3 frilled lizards
  4 rats
56 creatures vanquished.

Vanquished Creatures (others)
  29 plants
29 creatures vanquished.

Grand Total: 85 creatures vanquished

Notes
Turn   | Place    | Note
-------+----------+-------------------------------------------
     0 | D:1      | pokeman the Deep Elf Hedge Wizard began the quest for the
                  | Orb.
     0 | D:1      | Reached XP level 1. HP: 10/10 MP: 7/7
   269 | D:1      | Reached XP level 2. HP: 9/16 MP: 5/9
   795 | D:1      | Reached skill level 5 in Spellcasting
   906 | D:1      | Found Renuv's Antique Armour Shop.
   913 | D:1      | Found a faded altar of an unknown god.
  1112 | D:1      | Reached XP level 3. HP: 17/20 MP: 5/11
  1116 | D:1      | Learned a level 3 spell: Mephitic Cloud
  1119 | D:1      | Learned a level 2 spell: Call Imp
  1122 | D:1      | Learned a level 2 spell: Blink
  1126 | D:1      | Learned a level 3 spell: Conjure Flame
  1711 | D:2      | Reached skill level 1 in Fighting
  1711 | D:2      | Reached skill level 1 in Armour
  1970 | D:2      | Found a runed translucent door.
  1971 | D:2      | Noticed Crazy Yiuf
  2223 | D:2      | Killed Crazy Yiuf
  2224 | D:2      | Reached XP level 4. HP: 25/25 MP: 2/13
  2520 | D:3      | Found a glowing silver altar of Zin.
  2520 | D:3      | Found a blossoming altar of Fedhas.
  2552 | D:3      | Reached skill level 1 in Fire Magic
  3368 | D:3      | Reached skill level 6 in Spellcasting
  3471 | D:3      | Reached XP level 5. HP: 29/29 MP: 11/15
  3707 | D:4      | Killed from afar by an orc wizard

Illustrated notes

Levels and vault maps discovered:
D:1:      giann_forest_graveyard, layout_loops_ring,
          ebering_ecumenical_altar_webs, serial_shops, shop
D:2:      layout_basic, uniq_crazy_yiuf_cottage
D:3:      layout_loops_ring, gammafunk_temple_overflow_elements, serial_bayou,
          serial_bayou_lagoon_a, serial_bayou_lagoon_b, serial_bayou_shore_b,
          serial_bayou_lake_a
D:4:      layout_basic, mainiacjoe_overflow_boulevard, serial_shops,
          nicolae_square_shop, serial_bayou_ford_a,
          chequers_serial_rivers_micro_b

Skill      XL: |  1  2  3  4 |
---------------+-------------+-----
Spellcasting   | 5 6 |  6.4
Fighting       | 1 |  1.0
Armour         | 1 |  1.0
Conjurations   | 2 |  2.7
Fire Magic     | 1 |  1.0
Dodging        | 3 |  3.0
Stealth        | |  2.7
Summonings     | |  1.1
Translocations | |  1.1
Air Magic      | |  0.9

Action                   |  1- 3 |  4- 6 || total
-------------------------+-------+-------++-------
Melee: Dagger            |     8 |     9 ||    17
 Cast: Magic Dart        |    91 |    31 ||   122
       Mephitic Cloud    |     2 |     5 ||     7
       Conjure Flame     |     1 |     1 ||     2
       Call Imp          |     1 |       ||     1
 Stab: Confused          |     1 |       ||     1
Armor: Robe              |     2 |     1 ||     3
Dodge: Dodged            |    10 |     3 ||    13

Table legend: (Time is in decaauts)
 A = Elapsed time spent in this place.
 B = Non-inter-level travel time spent in this place.
 C = Inter-level travel time spent in this place.
 D = Time resting spent in this place.
 E = Time spent auto-exploring this place.
 F = Levels seen in this place.
 G = Mean time per level.
                   A        B        C        D        E       F      G
               +--------+--------+--------+--------+--------+-----+--------+
         Total |   3780 |   3664 |    116 |    315 |   3010 |   4 |  945.0 |
       Dungeon |   3780 |   3664 |    116 |    315 |   3010 |   4 |  945.0 |
               +--------+--------+--------+--------+--------+-----+--------+

Top non-repeatable levels by time:
     D:2: 1348 daAuts
     D:1: 1242 daAuts
     D:3: 1043 daAuts
     D:4: 146 daAuts
